TOP OF THE 1ST |
Springfield Shooters batting - Pitching for Myrtle Beach Mermen : RHP Leonard Hall
|
Pitching: RHP Leonard Hall
|
|
Batting: LHB Torquato Villani
|
0-0: Ball 1-0: Swinging Strike 1-1: Called Strike 1-2: Strikes out swinging
|
Batting: RHB Roy Herring
|
0-0: Ball 1-0: Ball 2-0: Ball 3-0: Called Strike 3-1: Foul Ball, location: 2F 3-2: Foul Ball, location: 2F 3-2: Base on Balls
|
Batting: RHB Tom Potts
|
0-0: Ball 1-0: Called Strike 1-1: Foul Ball, location: 2F 1-2: Fielders Choice at 2nd, 5-4 (Groundball, 5)
|
Batting: RHB José López
|
0-0: Called Strike 0-1: Ball 1-1: Called Strike 1-2: Ball Tom Potts steals 2nd base 2-2: Ball 3-2: Foul Ball, location: 2F 3-2: Strikes out swinging
|
Top of the 1st over - 0 run(s), 0 hit(s), 0 error(s), 1 left on base; Springfield 0 - Myrtle Beach 0 |
BOTTOM OF THE 1ST |
Myrtle Beach Mermen batting - Pitching for Springfield Shooters : RHP Clarence Love
|
Pitching: RHP Clarence Love
|
|
Batting: RHB Matt Love
|
0-0: Ball 1-0: Ball 2-0: Called Strike 2-1: Ground out 6-3 (Groundball, 56)
|
Batting: LHB Arturo Acevedo
|
0-0: Called Strike 0-1: Called Strike 0-2: Strikes out swinging
|
Batting: RHB Álex Rodríguez
|
0-0: Ball 1-0: Ball 2-0: SINGLE (Line Drive, 56D)
|
Batting: RHB Alfredo López
|
0-0: Ball 1-0: Called Strike 1-1: DOUBLE (Flyball, 8RS) Álex Rodríguez to third Runner from 3rd tries for Home, SAFE, no throw or cutoff
|
Batting: LHB Joe Cashmore
|
0-0: Called Strike 0-1: Called Strike 0-2: Ball 1-2: Strikes out swinging
|
Bottom of the 1st over - 1 run(s), 2 hit(s), 0 error(s), 1 left on base; Springfield 0 - Myrtle Beach 1 |
TOP OF THE 2ND |
Springfield Shooters batting - Pitching for Myrtle Beach Mermen : RHP Leonard Hall
|
Batting: RHB Ethan Miller
|
0-0: Called Strike 0-1: Ball 1-1: Ball 2-1: Ball 3-1: Called Strike 3-2: Strikes out swinging
|
Batting: SHB Albert Santos
|
0-0: Ball 1-0: Ball 2-0: Called Strike 2-1: Ground out 1-3 (Groundball, 13S)
|
Batting: LHB Ray Anderson
|
0-0: Foul Ball, location: 2F 0-1: Ball 1-1: Ball 2-1: Foul Ball, location: 2F 2-2: Ball 3-2: Strikes out swinging
|
Top of the 2nd over - 0 run(s), 0 hit(s), 0 error(s), 0 left on base; Springfield 0 - Myrtle Beach 1 |
BOTTOM OF THE 2ND |
Myrtle Beach Mermen batting - Pitching for Springfield Shooters : RHP Clarence Love
|
Batting: RHB Javier Robles
|
0-0: Called Strike 0-1: Ball 1-1: Ball 2-1: Fly out, F9 (Flyball, 89S)
|
Batting: SHB David Vázquez
|
0-0: Swinging Strike 0-1: Foul Ball, location: 2F 0-2: Fly out, F7 (Popup, 6D)
|
Batting: RHB António Ruíz
|
0-0: Ball 1-0: Foul Ball, location: 2F 1-1: Ball 2-1: Ball 3-1: Called Strike 3-2: Fly out, F7 (Flyball, 78S)
|
Bottom of the 2nd over - 0 run(s), 0 hit(s), 0 error(s), 0 left on base; Springfield 0 - Myrtle Beach 1 |
TOP OF THE 3RD |
Springfield Shooters batting - Pitching for Myrtle Beach Mermen : RHP Leonard Hall
|
Batting: RHB Roberto Alonzo
|
0-0: Ball 1-0: Ball 2-0: Foul Ball, location: 2F 2-1: Ground out U3 (Groundball, 3S)
|
Batting: SHB Jack Bell
|
0-0: Called Strike 0-1: Swinging Strike 0-2: Ball 1-2: Ball 2-2: Foul Ball, location: 2F 2-2: Foul Ball, location: 2F 2-2: Strikes out looking
|
Batting: LHB Torquato Villani
|
0-0: Ball 1-0: Ball 2-0: Called Strike 2-1: Swinging Strike 2-2: Strikes out swinging
|
Top of the 3rd over - 0 run(s), 0 hit(s), 0 error(s), 0 left on base; Springfield 0 - Myrtle Beach 1 |
BOTTOM OF THE 3RD |
Myrtle Beach Mermen batting - Pitching for Springfield Shooters : RHP Clarence Love
|
Batting: RHB Jorge Reyes
|
0-0: Fly out, F8 (Line Drive, 8LM)
|
Batting: RHB Matt Love
|
0-0: Ball 1-0: Swinging Strike 1-1: Ball 2-1: Swinging Strike 2-2: Ball 3-2: Ground out 1-3 (Groundball, 15)
|
Batting: LHB Arturo Acevedo
|
0-0: Ball 1-0: Foul Ball, location: 2F 1-1: SINGLE (Groundball, 34D)
|
Batting: RHB Álex Rodríguez
|
0-0: Ball 1-0: SINGLE (Groundball, 56) Arturo Acevedo to second
|
Batting: RHB Alfredo López
|
0-0: Ball 1-0: Called Strike 1-1: Ball 2-1: Ball 3-1: Called Strike 3-2: Base on Balls Arturo Acevedo to third Álex Rodríguez to second
|
Batting: LHB Joe Cashmore
|
0-0: Ball 1-0: Swinging Strike 1-1: Swinging Strike 1-2: Fly out, F3 (Popup, 3F)
|
Bottom of the 3rd over - 0 run(s), 2 hit(s), 0 error(s), 3 left on base; Springfield 0 - Myrtle Beach 1 |
TOP OF THE 4TH |
Springfield Shooters batting - Pitching for Myrtle Beach Mermen : RHP Leonard Hall
|
Batting: RHB Roy Herring
|
0-0: Swinging Strike 0-1: Ball 1-1: Called Strike 1-2: Ball 2-2: Foul Ball, location: 2F 2-2: SINGLE (Groundball, 6D)
|
Batting: RHB Tom Potts
|
0-0: Ball 1-0: Fly out, F8 (Flyball, 8LM)
|
Batting: RHB José López
|
0-0: Swinging Strike 0-1: Ball 1-1: SINGLE (Line Drive, 8LS) Roy Herring to second
|
Batting: RHB Ethan Miller
|
0-0: Called Strike 0-1: Foul Ball, location: 2F 0-2: Strikes out looking
|
Batting: SHB Albert Santos
|
0-0: Foul Ball, location: 2F 0-1: Ball 1-1: Swinging Strike 1-2: Strikes out swinging
|
Top of the 4th over - 0 run(s), 2 hit(s), 0 error(s), 2 left on base; Springfield 0 - Myrtle Beach 1 |
BOTTOM OF THE 4TH |
Myrtle Beach Mermen batting - Pitching for Springfield Shooters : RHP Clarence Love
|
Batting: RHB Javier Robles
|
0-0: Ball 1-0: Swinging Strike 1-1: Ball 2-1: Fly out, F5 (Line Drive, 5)
|
Batting: SHB David Vázquez
|
0-0: Called Strike 0-1: Ball 1-1: Called Strike 1-2: SINGLE (Groundball, 4MD)
|
Batting: RHB António Ruíz
|
0-0: Ball 1-0: Ball 2-0: Called Strike 2-1: Ball 3-1: Base on Balls David Vázquez to second
|
Batting: RHB Jorge Reyes
|
0-0: Fly out, F8 (Flyball, 8LM)
|
Batting: RHB Matt Love
|
0-0: Ball 1-0: Called Strike 1-1: Swinging Strike 1-2: Ball 2-2: Ball 3-2: Base on Balls David Vázquez to third António Ruíz to second
|
Batting: LHB Arturo Acevedo
|
0-0: Called Strike 0-1: Foul Ball, location: 2F 0-2: Foul Ball, location: 2F 0-2: Ball 1-2: Ball 2-2: Fly out, F8 (Flyball, 8RM)
|
Bottom of the 4th over - 0 run(s), 1 hit(s), 0 error(s), 3 left on base; Springfield 0 - Myrtle Beach 1 |
TOP OF THE 5TH |
Springfield Shooters batting - Pitching for Myrtle Beach Mermen : RHP Leonard Hall
|
Batting: LHB Ray Anderson
|
0-0: Foul Ball, location: 2F 0-1: SINGLE (Groundball, 56S) (infield hit)
|
Batting: RHB Roberto Alonzo
|
0-0: Called Strike 0-1: Ball 1-1: Ball 2-1: Ball 3-1: Grounds into double play, 5-4-3 (Groundball, 5)
|
Batting: SHB Jack Bell
|
0-0: Foul Ball, location: 2F 0-1: Foul Ball, location: 2F 0-2: Ball 1-2: Foul Ball, location: 2F 1-2: Ball 2-2: Ball 3-2: Foul Ball, location: 2F 3-2: Base on Balls
|
Batting: LHB Torquato Villani
|
0-0: Ball 1-0: Called Strike 1-1: Ball 2-1: Called Strike 2-2: Foul Ball, location: 2F 2-2: Fly out, F8 (Flyball, 8LD)
|
Top of the 5th over - 0 run(s), 1 hit(s), 0 error(s), 1 left on base; Springfield 0 - Myrtle Beach 1 |
BOTTOM OF THE 5TH |
Myrtle Beach Mermen batting - Pitching for Springfield Shooters : RHP Clarence Love
|
Batting: RHB Álex Rodríguez
|
0-0: Foul Ball, location: 2F 0-1: Called Strike 0-2: Ball 1-2: Strikes out swinging
|
Batting: RHB Alfredo López
|
0-0: Ball 1-0: Ball 2-0: SINGLE (Line Drive, 6MD)
|
Batting: LHB Joe Cashmore
|
0-0: Grounds into double play, 6-4-3 (Groundball, 6M)
|
Bottom of the 5th over - 0 run(s), 1 hit(s), 0 error(s), 0 left on base; Springfield 0 - Myrtle Beach 1 |
TOP OF THE 6TH |
Springfield Shooters batting - Pitching for Myrtle Beach Mermen : RHP Leonard Hall
|
Batting: RHB Roy Herring
|
0-0: Ball 1-0: Ball 2-0: Foul Ball, location: 2F 2-1: Swinging Strike 2-2: Foul Ball, location: 2F 2-2: Strikes out swinging
|
Batting: RHB Tom Potts
|
0-0: Called Strike 0-1: Fly out, F6 (Line Drive, 6)
|
Batting: RHB José López
|
0-0: Ball 1-0: Fly out, F9 (Flyball, 89M)
|
Top of the 6th over - 0 run(s), 0 hit(s), 0 error(s), 0 left on base; Springfield 0 - Myrtle Beach 1 |
BOTTOM OF THE 6TH |
Myrtle Beach Mermen batting - Pitching for Springfield Shooters : RHP Clarence Love
|
Batting: RHB Javier Robles
|
0-0: Called Strike 0-1: SINGLE (Groundball, 34D)
|
Pitching: RHP Sam Green
|
|
Batting: SHB David Vázquez
|
0-0: Ball 1-0: Sac Bunt - play at first, batter OUT! U3 Javier Robles to second
|
Batting: RHB António Ruíz
|
0-0: Called Strike 0-1: Fly out, F7 (Flyball, 78M)
|
Batting: RHB Jorge Reyes
|
0-0: Called Strike 0-1: Ground out 6-3 (Groundball, 6M)
|
Bottom of the 6th over - 0 run(s), 1 hit(s), 0 error(s), 1 left on base; Springfield 0 - Myrtle Beach 1 |
TOP OF THE 7TH |
Springfield Shooters batting - Pitching for Myrtle Beach Mermen : RHP Leonard Hall
|
Batting: RHB Ethan Miller
|
0-0: Foul Ball, location: 2F 0-1: Ball 1-1: Ball 2-1: Called Strike 2-2: DOUBLE (Line Drive, 5D)
|
Pitching: LHP Pedro Aquino
|
|
Batting: SHB Albert Santos
|
0-0: Called Strike 0-1: Ball 1-1: Ball 2-1: Foul Ball, location: 2F 2-2: Ball 3-2: Base on Balls
|
Pinch Hitting: RHB Javier Vásquez
|
0-0: Sac Bunt - play at first, batter safe! Ethan Miller to third Albert Santos to second
|
Batting: RHB Roberto Alonzo
|
0-0: Fly out, F3 (Line Drive, 3)
|
Pinch Hitting: RHB Jack Sloan
|
0-0: Ball 1-0: Ball 2-0: Ball 3-0: Called Strike 3-1: Base on Balls Ethan Miller scores Albert Santos to third Javier Vásquez to second
|
Pinch Hitting: RHB Mike Neal
|
0-0: Ball 1-0: Ball 2-0: Ball 3-0: Base on Balls Albert Santos scores Javier Vásquez to third Jack Sloan to second
|
Batting: RHB Roy Herring
|
0-0: Called Strike 0-1: Swinging Strike 0-2: Ball 1-2: Foul Ball, location: 2F 1-2: Foul Ball, location: 2F 1-2: Foul Ball, location: 2F 1-2: Fly out, F9 (Flyball, 9M) Runner from 3rd tags up, SCORES, no throw
|
Pitching: LHP Jonathon Baker
|
|
Batting: RHB Tom Potts
|
0-0: Foul Ball, location: 2F 0-1: SINGLE (Groundball, 56D) Jack Sloan to third Mike Neal to second Runner from 3rd tries for Home, SAFE, no throw or cutoff
|
Batting: RHB José López
|
0-0: Ball 1-0: Foul Ball, location: 2F 1-1: Ball 2-1: Ground out 6-3 (Groundball, 6)
|
Top of the 7th over - 4 run(s), 3 hit(s), 0 error(s), 2 left on base; Springfield 4 - Myrtle Beach 1 |
BOTTOM OF THE 7TH |
Myrtle Beach Mermen batting - Pitching for Springfield Shooters : RHP Sam Green
|
Now at 2B: Javier Vásquez
|
|
Now in LF: Mike Neal
|
|
Batting: RHB Matt Love
|
0-0: Foul Ball, location: 2F
|
Now in LF: Mike Parker
|
0-1: Ball 1-1: Called Strike 1-2: Strikes out swinging
|
Batting: LHB Arturo Acevedo
|
0-0: Swinging Strike 0-1: Ball 1-1: Fly out, F7 (Flyball, 7M)
|
Batting: RHB Álex Rodríguez
|
0-0: Ball 1-0: Ball 2-0: Foul Ball, location: 2F 2-1: SINGLE (Line Drive, 89S)
|
Batting: RHB Alfredo López
|
0-0: Called Strike 0-1: Ball 1-1: Ball 2-1: Ball 3-1: Base on Balls Álex Rodríguez to second
|
Batting: LHB Joe Cashmore
|
0-0: Foul Ball, location: 2F 0-1: Ball 1-1: Foul Ball, location: 2F 1-2: Strikes out swinging
|
Bottom of the 7th over - 0 run(s), 1 hit(s), 0 error(s), 2 left on base; Springfield 4 - Myrtle Beach 1 |
TOP OF THE 8TH |
Springfield Shooters batting - Pitching for Myrtle Beach Mermen : LHP Jonathon Baker
|
Batting: RHB Ethan Miller
|
0-0: Called Strike 0-1: Ball 1-1: Called Strike 1-2: Ground out 5-3 (Groundball, 56)
|
Batting: SHB Albert Santos
|
0-0: Foul Ball, location: 2F 0-1: Swinging Strike 0-2: Ball 1-2: Fly out, F8 (Flyball, 8RM)
|
Batting: RHB Javier Vásquez
|
0-0: Called Strike 0-1: Ball 1-1: Ground out 4-3 (Groundball, 34)
|
Top of the 8th over - 0 run(s), 0 hit(s), 0 error(s), 0 left on base; Springfield 4 - Myrtle Beach 1 |
BOTTOM OF THE 8TH |
Myrtle Beach Mermen batting - Pitching for Springfield Shooters : RHP Sam Green
|
Batting: RHB Javier Robles
|
0-0: Called Strike 0-1: Ball 1-1: Foul Ball, location: 2F 1-2: Strikes out looking
|
Batting: SHB David Vázquez
|
0-0: Ball 1-0: Called Strike 1-1: Ground out 1-3 (Groundball, 25)
|
Batting: RHB António Ruíz
|
0-0: Ball 1-0: Ball 2-0: Foul Ball, location: 2F 2-1: Called Strike 2-2: Ball 3-2: Base on Balls
|
Batting: RHB Jorge Reyes
|
0-0: TRIPLE (Line Drive, 89D) António Ruíz scores
|
Batting: RHB Matt Love
|
0-0: Foul Ball, location: 2F 0-1: Ball 1-1: Ball 2-1: Ball 3-1: Foul Ball, location: 2F 3-2: Foul Ball, location: 2F 3-2: Fly out, F8 (Popup, 89S)
|
Bottom of the 8th over - 1 run(s), 1 hit(s), 0 error(s), 1 left on base; Springfield 4 - Myrtle Beach 2 |
TOP OF THE 9TH |
Springfield Shooters batting - Pitching for Myrtle Beach Mermen : LHP Jonathon Baker
|
Pitching: RHP Manuel Carrión
|
|
Batting: RHB Roberto Alonzo
|
0-0: Called Strike 0-1: Ground out 1-3 (Groundball, 15)
|
Batting: LHB Mike Parker
|
0-0: Called Strike 0-1: Foul Ball, location: 2F 0-2: Foul Ball, location: 2F 0-2: Ball 1-2: Foul Ball, location: 2F 1-2: Foul Ball, location: 2F 1-2: Strikes out swinging
|
Batting: RHB Mike Neal
|
0-0: Ball 1-0: Called Strike 1-1: Foul Ball, location: 2F 1-2: Strikes out swinging
|
Top of the 9th over - 0 run(s), 0 hit(s), 0 error(s), 0 left on base; Springfield 4 - Myrtle Beach 2 |
BOTTOM OF THE 9TH |
Myrtle Beach Mermen batting - Pitching for Springfield Shooters : RHP Sam Green
|
Pitching: RHP Sun-taek Ch'oe
|
|
Batting: LHB Arturo Acevedo
|
0-0: Ball 1-0: Foul Ball, location: 2F 1-1: Ball 2-1: Ball 3-1: Base on Balls
|
Batting: RHB Álex Rodríguez
|
0-0: Fly out, F6 (Popup, 6D)
|
Batting: RHB Alfredo López
|
0-0: Ball 1-0: Fly out, F4 (Popup, 4MD)
|
Batting: LHB Joe Cashmore
|
0-0: SINGLE (Line Drive, 8RS) Arturo Acevedo to second
|
Batting: RHB Javier Robles
|
0-0: Ball 1-0: SINGLE (Groundball, 56D) Arturo Acevedo to third Joe Cashmore to second Runner from 3rd tries for Home, SAFE, no throw or cutoff
|
Pinch Runner at 2nd José Caballero:
|
|
Batting: SHB David Vázquez
|
0-0: Called Strike 0-1: Ball 1-1: Ball 2-1: Ball 3-1: Foul Ball, location: 2F 3-2: Strikes out swinging
|
Bottom of the 9th over - 1 run(s), 2 hit(s), 0 error(s), 2 left on base; Springfield 4 - Myrtle Beach 3 |
|